 Dungeon Crawl Stone Soup version 0.18.1-8-gdd0e5ea (webtiles) character file.

134976 nikopol the Impaler (level 16, -5/219 (220) HPs)
             Began as a Minotaur Berserker on May 19, 2016.
             Was the Champion of Trog.
             Slain by a golden dragon simulacrum (31 damage)
             ... in an ice cave on May 23, 2016.
             The game lasted 02:27:50 (31725 turns).

nikopol the Impaler (Minotaur Berserker)           Turns: 31725, Time: 02:27:51

HP:   -5/219 (220)  AC: 29    Str: 34    XL:     16   Next: 63%
MP:   15/15         EV: 20    Int:  5    God:    Trog [******]
Gold: 1787          SH:  3    Dex: 15    Spells: 0 memorised, 15 levels left

rFire  + + .     SeeInvis .     S - +8 lajatang "Kecaf" {slice, rPois rF+}
rCold  . . .     Gourm    .     y - +4 swamp dragon armour of Daisies {rPois rC- MR+ Str+6}
rNeg   . . .     Faith    .     (shield currently unavailable)
rPois  +         Spirit   .     p - +0 hat of the Worm {rC+ rCorr}
rElec  .         Dismiss  .     K - +2 cloak
rCorr  +         Reflect  +     J - +2 pair of gloves {rF+}
SustAt .         Harm     .     U - +2 pair of boots
MR     +++..                    t - +3 amulet of reflection
Stlth  ..........               C - ring of protection from magic
                                j - +3 ring of protection

@: berserking, very quick, extremely resistant to hostile enchantments,
extremely unstealthy
A: retaliatory headbutt, horns 2
a: Berserk, Trog's Hand, Brothers in Arms, Burn Spellbooks, Renounce Religion


You were in an ice cave.
You worshipped Trog.
Trog was exalted by your worship.
You were very hungry.

You visited 4 branches of the dungeon, and saw 26 of its levels.
You also visited: Labyrinth, Bailey, Ice Cave and Volcano.

You collected 2899 gold pieces.
You spent 1112 gold pieces at shops.

Inventory:

Hand Weapons
 g - the +6 shortbow of Mikereal {freeze, +Blink rElec Str+6 Stlth-}
   (You found it on level 11 of the Dungeon)

   It causes projectiles fired from it to freeze those they strike, causing
   extra injury to most foes and up to half again as much damage against
   particularly susceptible opponents.
   They can also slow down cold-blooded creatures.
   It affects your strength (+6).
   It insulates you from electricity.
   It lets you blink.
   It makes you less stealthy.
 E - the +9 halberd of Icuosoko {flame, *Confuse Str+7 Dex+5}
   (Trog gifted it to you on level 4 of the Lair of Beasts)

   It has been specially enchanted to burn those struck by it, causing extra
   injury to most foes and up to half again as much damage against particularly
   susceptible opponents.
   Big, fiery blades are also staple armaments of hydra-hunters.
   It affects your strength (+7).
   It affects your dexterity (+5).
   It may confuse you when you take damage.
 S - the +8 lajatang "Kecaf" (weapon) {slice, rPois rF+}
   (You bought it in a shop on level 2 of the Orcish Mines)

   It inflicts extra damage upon your enemies.
   It protects you from fire.
   It protects you from poison.
Missiles
 b - 582 arrows
Armour
 p - the +0 hat of the Worm (worn) {rC+ rCorr}
   (You acquired it on level 2 of the Lair of Beasts)

   It protects you from cold.
   It protects you from acid and corrosion.
 y - the +4 swamp dragon armour of Daisies (worn) {rPois rC- MR+ Str+6}
   (You acquired it in a bailey)

   It affects your strength (+6).
   It makes you vulnerable to cold.
   It protects you from poison.
   It affects your resistance to hostile enchantments.
 J - a +2 pair of gloves of fire resistance (worn)
 K - a +2 cloak (worn)
 U - a +2 pair of boots (worn)
Rods
 O - a +4 lightning rod (9/9)
   (You took it off a minotaur in a labyrinth)
Jewellery
 d - a +2 ring of intelligence {unknown}
 j - a +3 ring of protection (left hand)
 t - a +3 amulet of reflection (around neck)
 C - a ring of protection from magic (right hand)
Wands
 e - a wand of flame (28/48)
 r - a wand of slowing (24/48)
 x - a wand of slowing (20/48)
 N - a wand of paralysis (13/24)
 Q - a wand of digging (24/24)
 Z - a wand of disintegration (12/24)
Scrolls
 a - 11 scrolls of remove curse
 l - a scroll of identify
 q - a scroll of blinking
 u - 14 scrolls of teleportation
 v - 6 scrolls of fear
 D - a scroll of enchant armour
 R - 3 scrolls of recharging
 X - 2 scrolls of enchant weapon
Potions
 f - 11 potions of heal wounds
 i - 2 potions of cure mutation
 m - 3 potions of cancellation
 n - 3 potions of haste
 o - 5 potions of invisibility
 s - 2 potions of berserk rage
 w - 12 potions of curing
 z - 3 potions of magic
 A - 4 potions of resistance
 G - 3 potions of agility
 I - a potion of brilliance
 Y - a potion of might
Miscellaneous
 P - a box of beasts
 T - 3 phantom mirrors
 V - a crystal ball of energy
 W - a plain deck of summoning {Water}
Comestibles
 c - 12 bread rations
 h - 4 slices of pizza
 k - 18 meat rations
 M - 28 fruits


   Skills:
 + Level 14.7 Fighting
 - Level 18.4(19.1) Polearms
 * Level 9.4(15.0) Staves
 * Level 6.0 Bows
 - Level 11.3 Throwing
 + Level 14.7 Armour
 + Level 13.4 Dodging


You had 15 spell levels left.
You didn't know any spells.

Dungeon Overview and Level Annotations

Branches:
Dungeon (15/15)            Temple (0/1) D:7            Lair (8/8) D:10
 Shoals (1/4) Lair:5        Snake (0/4) Lair:3        Slime (0/6) Lair:7
    Orc (2/2) D:12            Elf (0/3) Orc:2        Vaults (0/5) D:14
 Depths (0/5) D:15

Altars:
Ashenzari
Elyvilon
Fedhas
Gozag
Kikubaaqudgha
Pakellas
Qazlal
Sif Muna
Vehumet
The Shining One

Shops:
D:6 :   D:8 *   D:13 =   Orc:2 *([=

Annotations:
Lair:1 Sonja


Innate Abilities, Weirdness & Mutations

You reflexively headbutt those who attack you in melee.
You have a pair of horns on your head.


Message History

The golden dragon simulacrum closely misses you.
A golden dragon simulacrum comes into view.
You hit the golden dragon simulacrum.
You headbutt the golden dragon simulacrum, but do no damage.
You hit the golden dragon simulacrum but do no damage.
The golden dragon simulacrum misses you.
The golden dragon simulacrum claws you.
The golden dragon simulacrum freezes you!!!
* * * LOW HITPOINT WARNING * * *
You block the golden dragon simulacrum's attack.
A red film seems to cover your vision as you go berserk!
You feel yourself moving faster!
You feel mighty!
You are feeling very hungry.
The white imp shouts, "Slither home, thou pox-marked fen-sucked pigeon-egg!"
The golden dragon simulacrum completely misses you.
The golden dragon simulacrum claws you but does no damage.
The golden dragon simulacrum tramples you!
* * * LOW HITPOINT WARNING * * *
The golden dragon simulacrum freezes you!!
You die...

##....#####
####.##..###
###.## #####...##
### ###..# ##
###..## .##
##...## ...#
###.#.##
###Z.####....##
###.Z5###.###...#
#..@## #.###...##
##...####.#...##
###...##...###
###....### ######


You could see a white imp and 2 golden dragon simulacra.

Vanquished Creatures
  An azure jelly (Shoals:1)
  An orc warlord (Orc:2)
  Azrael (D:14)
  A minotaur (Lab)
  4 vault guards (D:14)
  A minotaur (shapeshifter) (D:14)
  Josephine (Orc:1)
  A yaktaur captain (D:15)
  9 hydras
  A death knight (D:12)
  11 centaur warriors
  Erica (D:8)
  5 catoblepae
  A tengu warrior (D:14)
  16 death yaks
  4 orc high priests (Orc:2)
  4 unseen horrors
  16 hill giants
  Pikel (D:7)
  2 orc sorcerers
  7 orc knights
  A harpy (shapeshifter) (D:14)
  7 deep elf magi
  7 griffons
  A hornet (D:14)
  9 cyclopes
  5 manticores
  14 ugly things
  5 centaur zombies
  19 elephants
  An ice statue (IceCv)
  3 black mambas
  The ghost of mopl the Cleaver, a novice HOFi of the Shining One (D:5)
  Joseph (D:7)
  A torpor snail (Lair:5)
  11 spiny frogs
  2 gargoyles (D:14)
  5 centaur skeletons
  2 rime drakes
  5 freezing wraiths
  3 komodo dragons
  A redback zombie (D:15)
  4 yaktaurs
  3 kobold demonologists
  2 tengu conjurers (D:14)
  2 anaconda simulacra (IceCv)
  3 ice devils (IceCv)
  5 trolls
  A harpy zombie (D:15)
  A polar bear (Lair:6)
  2 slime creatures
  6 two-headed ogres
  7 blink frogs
  3 centaur simulacra
  2 shadows
  2 redbacks (Lab)
  2 vampires (D:9)
  8 wraiths
  3 wyverns
  A spriggan (Lair:4)
  52 yaks
  5 fire bats
  Eustachio (D:5)
  A fire bat (shapeshifter) (D:15)
  5 hungry ghosts
  2 fire elementals (D:14)
  6 vampire mosquitoes
  15 hippogriffs
  15 basilisks
  Grum (Lair:1)
  3 wargs
  A death yak simulacrum (IceCv)
  Menkaure (D:6)
  3 nagas (Lair:3)
  3 harpy simulacra (IceCv)
  3 soldier ants
  4 hell hounds
  11 water moccasins
  Duvessa (D:7)
  42 orc warriors
  8 porcupines
  2 wasps
  2 black bears
  An ice beast (D:14)
  3 sky beasts
  4 slaves (D:7)
  An ettin simulacrum (IceCv)
  3 phantoms
  A necrophage (D:4)
  2 eyes of draining
  14 ogres
  17 centaurs
  16 wolves
  13 crocodiles
  4 big kobolds
  23 giant frogs
  Dowan (D:7)
  A wyvern skeleton (D:11)
  2 wyvern zombies (D:14)
  5 scorpions
  9 killer bees
  A howler monkey (D:12)
  4 wights
  4 electric eels
  5 crimson imps
  5 hounds
  17 orc priests
  3 draconian simulacra (IceCv)
  16 jellies
  A giant frog zombie (D:5)
  17 orc wizards
  3 giant frog skeletons
  14 iguanas
  Jessica (D:2)
  13 worker ants
  3 troll simulacra (IceCv)
  A wolf simulacrum (IceCv)
  31 sheep
  14 gnolls
  An ogre simulacrum (IceCv)
  14 adders
  3 naga simulacra (IceCv)
  32 river rats
  A shadow imp (D:8)
  3 white imps (IceCv)
  5 ufetubi (IceCv)
  21 oozes
  An adder zombie (D:9)
  An adder skeleton (D:9)
  A worm (D:3)
  2 dart slugs
  7 giant geckos
  58 orcs
  8 giant cockroaches
  11 goblins
  15 hobgoblins
  8 jackals
  25 kobolds
  6 quokkas
  A ball python (D:1)
  4 bats
  A giant gecko skeleton (D:5)
  A giant gecko zombie (D:4)
  3 giant newts
  A quokka skeleton (D:7)
  9 rats
  4 fungi
957 creatures vanquished.

Vanquished Creatures (collateral kills)
  Nessos (Lair:8)
1 creature vanquished.

Vanquished Creatures (others)
  17 fungi
  13 plants
30 creatures vanquished.

Grand Total: 988 creatures vanquished

Notes
Turn   | Place    | Note
--------------------------------------------------------------
     0 | D:1      | nikopol the Minotaur Berserker began the quest for the Orb.
     0 | D:1      | Reached XP level 1. HP: 19/19 MP: 0/0
   223 | D:1      | Reached skill level 4 in Polearms
   223 | D:1      | Reached XP level 2. HP: 27/27 MP: 1/1
   543 | D:1      | You fall through a shaft!
   605 | D:2      | Reached ** piety under Trog
   653 | D:2      | Reached XP level 3. HP: 26/33 MP: 2/2
   725 | D:2      | Noticed Jessica
   729 | D:2      | Killed Jessica
   729 | D:2      | Reached XP level 4. HP: 23/41 MP: 3/3
  1274 | D:3      | Reached XP level 5. HP: 17/47 MP: 4/4
  1723 | D:3      | Reached skill level 5 in Fighting
  1747 | D:3      | Found a shattered altar of Ashenzari.
  1899 | D:3      | Reached skill level 5 in Polearms
  2080 | D:3      | Reached XP level 6. HP: 27/56 MP: 5/5
  2300 | D:4      | Noticed an orc warrior
  2301 | D:4      | Reached *** piety under Trog
  2311 | D:4      | Killed an orc warrior
  2311 | D:4      | Reached skill level 1 in Throwing
  2312 | D:4      | Reached skill level 6 in Polearms
  2364 | D:4      | Found a radiant altar of Vehumet.
  2364 | D:4      | Found an ancient bone altar of Kikubaaqudgha.
  2365 | D:4      | Found an opulent altar of Gozag.
  2490 | D:4      | Reached XP level 7. HP: 45/60 MP: 6/6
  2842 | D:4      | Found a white marble altar of Elyvilon.
  3119 | D:4      | Found a stormy altar of Qazlal.
  3205 | D:5      | Entered Level 5 of the Dungeon
  3297 | D:5      | Reached skill level 5 in Armour
  3338 | D:5      | Noticed Eustachio
  3370 | D:5      | Killed Eustachio
  3370 | D:5      | Reached skill level 7 in Polearms
  3401 | D:5      | Noticed mopl's ghost (novice HOFi)
  3537 | D:5      | Killed mopl's ghost
  3537 | D:5      | Reached XP level 8. HP: 35/69 MP: 7/7
  3780 | D:5      | Found an oddly glowing altar of Pakellas.
  3914 | D:5      | Reached skill level 8 in Polearms
  3914 | D:5      | Reached skill level 5 in Dodging
  3942 | D:5      | Got a crude mace
  3943 | D:5      | Identified the +6 mace "Orb Guardian's Foe" {crush, +Fly rPois rC+ Str-3} (You found it on level 5 of the Dungeon)
  4247 | D:5      | Received a gift from Trog
  5047 | D:6      | Noticed Menkaure
  5052 | D:6      | Killed Menkaure
  5052 | D:6      | Reached skill level 9 in Polearms
  5204 | D:6      | Reached XP level 9. HP: 46/78 MP: 8/8
  5512 | D:6      | Found Uttuxt's Book Shoppe.
  5713 | D:6      | Reached **** piety under Trog
  6025 | D:7      | Noticed Joseph
  6037 | D:7      | Killed Joseph
  6115 | D:7      | Received a gift from Trog
  6119 | D:7      | Noticed Duvessa
  6122 | D:7      | Noticed Dowan
  6128 | D:7      | Killed Duvessa
  6128 | D:7      | Reached skill level 10 in Polearms
  6131 | D:7      | Killed Dowan
  6172 | D:7      | Found a flagged portal.
  6250 | Bailey   | Entered a bailey
  6378 | Bailey   | Found an iron altar of Okawaru.
  6378 | Bailey   | Noticed a kobold demonologist
  6378 | Bailey   | Noticed a kobold demonologist
  6395 | Bailey   | Killed a kobold demonologist
  6408 | Bailey   | Killed a kobold demonologist
  6728 | Bailey   | Reached skill level 5 in Throwing
  6885 | Bailey   | Got a shimmering swamp dragon armour
  6896 | Bailey   | Identified the +4 swamp dragon armour of Daisies {rPois rC- MR+ Str+6} (You acquired it in a bailey)
  6941 | Bailey   | Reached XP level 10. HP: 57/87 MP: 9/9
  7535 | Bailey   | Reached skill level 11 in Polearms
  7538 | Bailey   | Reached ***** piety under Trog
  7863 | D:7      | Noticed Pikel
  7872 | D:7      | Killed Pikel
  8022 | D:7      | Found a staircase to the Ecumenical Temple.
  8212 | D:8      | Found Taijyun's Assorted Antiques.
  8555 | D:8      | Noticed Erica
  8567 | D:8      | Killed Erica
  8838 | D:9      | Noticed a hill giant
  8849 | D:9      | Killed a hill giant
  8849 | D:9      | Reached skill level 12 in Polearms
  9045 | D:9      | Found a blossoming altar of Fedhas.
  9177 | D:9      | Reached XP level 11. HP: 96/96 MP: 10/10
  9824 | D:10     | Entered Level 10 of the Dungeon
  9824 | D:10     | Found a staircase to the Lair.
  9928 | D:10     | Received a gift from Trog
  9939 | D:10     | Got a shimmering dagger {god gift}
  9940 | D:10     | Identified the +3 dagger of Sidaecy {holy, *Confuse rC++ Str+7} (Trog gifted it to you on level 10 of the Dungeon)
 10221 | D:10     | Noticed a hill giant
 10232 | D:10     | Killed a hill giant
 10708 | Lair:1   | Entered Level 1 of the Lair of Beasts
 10752 | Lair:1   | Reached skill level 13 in Polearms
 10794 | Lair:1   | Reached skill level 10 in Fighting
 10892 | Lair:1   | Noticed a four-headed hydra
 10896 | Lair:1   | Killed a four-headed hydra
 10979 | Lair:1   | Noticed Sonja
 11070 | Lair:1   | Noticed a four-headed hydra
 11077 | Lair:1   | Killed a four-headed hydra
 11162 | Lair:1   | Reached skill level 10 in Armour
 11218 | Lair:1   | Noticed Grum
 11228 | Lair:1   | Received a gift from Trog
 11241 | Lair:1   | Killed Grum
 11843 | Lair:2   | Reached XP level 12. HP: 98/106 MP: 11/11
 11864 | Lair:2   | Found a labyrinth entrance.
 11879 | Lab      | Entered a labyrinth
 12607 | Lab      | Reached skill level 14 in Polearms
 12994 | Lab      | Noticed a minotaur
 13011 | Lab      | Killed a minotaur
 13056 | Lair:2   | Got a transparent hat
 13062 | Lair:2   | Identified the +0 hat of the Worm {rC+ rCorr} (You acquired it on level 2 of the Lair of Beasts)
 14484 | Lair:3   | Found a staircase to the Snake Pit.
 14490 | Lair:3   | Reached skill level 15 in Polearms
 15131 | Lair:3   | Reached skill level 10 in Dodging
 15323 | Lair:4   | Received a gift from Trog
 15340 | Lair:4   | Got an ancient halberd {god gift}
 15341 | Lair:4   | Identified the +9 halberd of Icuosoko {flame, *Confuse Str+7 Dex+5} (Trog gifted it to you on level 4 of the Lair of Beasts)
 15384 | Lair:4   | Noticed a four-headed hydra
 15389 | Lair:4   | Killed a two-headed hydra
 15389 | Lair:4   | Reached XP level 13. HP: 108/115 MP: 12/12
 16268 | Lair:5   | Reached skill level 16 in Polearms
 16553 | Lair:5   | Found a deep blue altar of Sif Muna.
 16745 | Lair:5   | Found a staircase to the Shoals.
 17180 | Lair:6   | Received a gift from Trog
 17354 | Lair:6   | Got a polished plate armour
 17365 | Lair:6   | Identified the cursed +1 plate armour of Orthodoxy {Dex+2} (You found it on level 6 of the Lair of Beasts)
 17511 | Lair:6   | Identified the Guide on Freezing Transformation
 17807 | Lair:7   | Found a dark tunnel.
 17816 | Volcano  | Entered a volcano
 18291 | Lair:7   | Found a staircase to the Slime Pits.
 18814 | Lair:8   | Entered Level 8 of the Lair of Beasts
 18937 | Lair:8   | Noticed Nessos
 18946 | Lair:8   | Killed Nessos
 19180 | Lair:8   | Reached XP level 14. HP: 125/125 MP: 13/13
 19424 | Lair:8   | Received a gift from Trog
 19424 | Lair:8   | Reached skill level 10 in Throwing
 19431 | Lair:8   | Got an ichor-stained rapier {god gift}
 19432 | Lair:8   | Identified the +8 rapier "Vidit" {flame, +Rage Int+4} (Trog gifted it to you on level 8 of the Lair of Beasts)
 19475 | Lair:8   | Reached skill level 17 in Polearms
 19783 | Lair:8   | Reached ****** piety under Trog
 20559 | D:11     | Received a gift from Trog
 20827 | D:11     | Got a transparent shortbow
 20828 | D:11     | Identified the +6 shortbow of Mikereal {freeze, +Blink rElec Str+6 Stlth-} (You found it on level 11 of the Dungeon)
 22042 | D:1      | Received a gift from Trog
 22977 | D:5      | Found an oddly glowing altar of Pakellas.
 23726 | D:12     | Found a staircase to the Orcish Mines.
 24263 | D:12     | Reached skill level 18 in Polearms
 24681 | D:12     | Reached XP level 15. HP: 135/135 MP: 14/14
 24873 | Orc:1    | Entered Level 1 of the Orcish Mines
 24875 | Orc:1    | Received a gift from Trog
 25168 | Orc:1    | Noticed Josephine
 25176 | Orc:1    | Killed Josephine
 25352 | Orc:2    | Entered Level 2 of the Orcish Mines
 25352 | Orc:2    | Found Sumesch's Antique Armour Shop.
 25376 | Orc:2    | Received a gift from Trog
 25415 | Orc:2    | Found Xupsie's General Store.
 25710 | Orc:2    | Found a staircase to the Elven Halls.
 25731 | Orc:2    | Noticed an orc warlord
 25740 | Orc:1    | Received a gift from Trog
 26172 | Orc:2    | Killed an orc warlord
 26321 | Orc:2    | Found Ysyu's Jewellery Shop.
 26333 | Orc:2    | Bought an uncursed ring of protection from magic for 300 gold pieces
 26619 | Orc:2    | Found Pasourhoe's Antique Weapon Boutique.
 26657 | Orc:2    | Bought a crystal shortbow for 232 gold pieces
 26657 | Orc:2    | Bought a scorched lajatang for 580 gold pieces
 26658 | Orc:2    | Identified the cursed +0 shortbow of Fanara {flame, rPois rF+ Int+2} (You bought it in a shop on level 2 of the Orcish Mines)
 26662 | Orc:2    | Identified the +8 lajatang "Kecaf" {slice, rPois rF+} (You bought it in a shop on level 2 of the Orcish Mines)
 27017 | D:13     | Reached skill level 1 in Staves
 27271 | D:13     | Found Zipnuad's Jewellery Shoppe.
 27865 | D:14     | Noticed Azrael
 27883 | D:14     | Killed Azrael
 28073 | D:14     | Upgraded the game from 0.18.1-6-gd335043 to 0.18.1-8-gdd0e5ea
 28196 | D:14     | Found a gate to the Vaults.
 28221 | D:14     | Reached skill level 5 in Staves
 28808 | D:14     | Received a gift from Trog
 28926 | D:14     | Reached skill level 1 in Bows
 28967 | D:14     | Reached XP level 16. HP: 100/145 MP: 15/15
 29011 | D:14     | Received a gift from Trog
 29924 | D:15     | Entered Level 15 of the Dungeon
 30314 | D:15     | Found a glowing golden altar of the Shining One.
 30597 | D:15     | Got an ichor-stained buckler
 30606 | D:15     | Identified the +3 buckler of the Bulwark {rF+} (You acquired it on level 15 of the Dungeon)
 30644 | D:15     | Reached skill level 5 in Bows
 30735 | D:15     | Found a blossoming altar of Fedhas.
 30845 | D:15     | Found a staircase to the Depths.
 31193 | Shoals:1 | Entered Level 1 of the Shoals
 31219 | Shoals:1 | Found a frozen archway.
 31240 | IceCv    | Entered an ice cave
 31725 | IceCv    | Slain by a golden dragon simulacrum

Skill      XL: |  1  2  3  4  5  6  7  8  9 10 11 12 13 14 15 16 |
---------------+-------------------------------------------------+-----
Polearms       | 4 5 6 7 9 10 12 13 15 16 18 | 18.4
Fighting       | 4 5 6 7 8 9 10 11 12 13 14 | 14.7
Armour         | 3 4 5 6 7 8 10 11 12 13 14 | 14.7
Dodging        | 3 4 5 6 7 9 10 11 12 13 | 13.4
Throwing       | 1 2 3 5 6 7 8 9 10 11 | 11.3
Staves         | 6 9 |  9.4
Bows           | 2 6 |  6.0

Action                   |  1- 3 |  4- 6 |  7- 9 | 10-12 | 13-15 | 16-18 || total
-------------------------+-------+-------+-------+-------+-------+-------++-------
Melee: Spear             |    55 |   134 |   444 |    93 |       |       ||   726
       Headbutt          |    12 |    26 |    90 |   153 |   203 |    52 ||   536
       Trident           |       |       |       |   380 |       |       ||   380
       Glaive            |       |       |       |   226 |       |       ||   226
       Halberd           |       |       |       |     2 |   687 |       ||   689
       Lajatang          |       |       |       |       |   194 |   191 ||   385
 Fire: Shortbow          |       |       |       |       |   242 |   218 ||   460
Throw: Javelin           |       |       |    15 |    81 |    45 |       ||   141
Invok: Berserk           |       |     1 |     7 |     6 |     2 |     2 ||    18
       Burn Spellbooks   |       |       |       |     3 |     5 |       ||     8
       Brothers in Arms  |       |       |       |       |     1 |       ||     1
Evoke: Wand              |       |       |       |       |     1 |       ||     1
  Use: Scroll            |       |       |    12 |    23 |    12 |     3 ||    50
 Stab: Sleeping          |       |     1 |       |       |     1 |       ||     2
  Eat: Chunk             |       |     5 |    16 |    31 |    41 |     7 ||   100
       Bread ration      |       |       |     1 |       |       |       ||     1
       Pizza             |       |       |     1 |     1 |     1 |     1 ||     4
       Beef jerky        |       |       |       |     2 |     2 |       ||     4
Armor: Animal skin       |     1 |       |       |       |       |       ||     1
       Leather armour    |     5 |    21 |    59 |       |       |       ||    85
       Swamp dragon armo |       |       |     3 |   157 |   287 |    81 ||   528
       Scale mail        |       |       |       |       |     1 |       ||     1
Dodge: Dodged            |    17 |    46 |   151 |   331 |   519 |   132 ||  1196
Block: Other             |       |       |     8 |     8 |    80 |    21 ||   117
       Reflection        |       |       |       |       |    14 |     3 ||    17
